 Dungeon Crawl Stone Soup version 0.14-a0-1773-ge500af7 (webtiles) character file.

567 Mitsuki the Changer (level 6, -11/43 HPs)
             Began as a Merfolk Transmuter on Jan 7, 2014.
             Mangled by an orc warrior
             ... wielding a +0,+2 orcish dire flail
              (16 damage)
             ... on Level 5 of the Dungeon.
             The game lasted 00:19:11 (3802 turns).

Mitsuki the Changer (Merfolk Transmuter)            Turns: 3802, Time: 00:19:11

HP -11/43        AC  2     Str 10      XL: 6   Next: 63%
MP   5/10        EV 21     Int 14      God:
Gold 213         SH  0     Dex 20      Spells:  2 memorised,  5 levels left

rFire  . . .     SeeInvis +       - Unarmed
rCold  . . .     Clarity  .     c - melded +0 robe
rNeg   . . .     Conserve .     (shield currently unavailable)
rPois  x         rCorr    .     (helmet currently unavailable)
rElec  .         rRot     .     (cloak currently unavailable)
SustAb . .       Spirit   .     o - melded +0 pair of gloves
rMut   .         Warding  .     f - melded +0 pair of boots
Saprov . . .     Stasis   .     (no amulet)
                                (no ring)
                                i - ring of see invisible

@: spider-form (expiring), quick, slightly resistant to hostile enchantments,
fairly stealthy
A: (change form in water), (swift swim)
a: End Transformation


You were on level 5 of the Dungeon.
You were not hungry.
You were in spider-form.
You visited 1 branch of the dungeon, and saw 5 of its levels.

You collected 213 gold pieces.

Inventory:

Hand weapons
 q - a +1,+1 dwarven dagger
Missiles
 b - 12 arrows
Armour
 c - a +0 robe (melded)
 f - a +0 pair of boots (melded)
 o - a +0 pair of gloves (melded)
Magical devices
 m - a wand of confusion (3)
Comestibles
 a - 2 bread rations
Scrolls
 k - 4 scrolls of teleportation
 n - a scroll of fear {unknown}
 p - 2 scrolls of identify
 r - a scroll of recharging {unknown}
 s - 2 scrolls of curse armour {unknown}
 u - a scroll of random uselessness {unknown}
 v - 2 scrolls of enchant weapon I {unknown}
Jewellery
 e - an uncursed ring of ice
 g - a cursed ring of teleportation
 i - a ring of see invisible (left front leg)
 j - an uncursed amulet of resist corrosion
Potions
 l - 4 potions of curing
Books
 d - a book of Changes

   Spells                             Type                      Level
   *Beastly Appendage                 Transmutation                1
   Sticks to Snakes                   Transmutation                2
   *Spider Form                       Transmutation/Poison         3
   Ice Form                           Ice/Transmutation            4
   Blade Hands                        Transmutation                5


   Skills:
 - Level 1.1 Fighting
 - Level 2.6 Dodging
 + Level 5.3 Unarmed Combat
 - Level 2.0 Spellcasting
 - Level 7.2 Transmutations
 - Level 1.0 Poison Magic


You had 5 spell levels left.
You knew the following spells:

 Your Spells              Type           Power        Failure   Level  Hunger
a - Beastly Appendage     Trmt           ###...       6%          1    ##.....
b - Spider Form           Trmt/Pois      ##........   32%         3    ####...


Dungeon Overview and Level Annotations

Branches:
Dungeon (5/16)
 Temple: D:4-7

Altars:
Ashenzari
Elyvilon
Kikubaaqudgha

Annotations:
D:4 mopl's ghost, average OgBe
D:5 Dowan; Duvessa


Message History

The orc warrior is moderately wounded.
The orc warrior barely misses you.
You closely miss the orc warrior.
The orc warrior is moderately wounded.
Your transformation is almost over.
You barely miss the orc warrior.
The orc warrior is moderately wounded.
The orc warrior closely misses you.
You hit the orc warrior but do no damage.
The orc warrior is lightly wounded.
The orc warrior hits you with an orcish dire flail!
* * * LOW HITPOINT WARNING * * *
You barely miss the orc warrior.
The orc warrior is lightly wounded.
The orc warrior closely misses you.
Drink which item? (? for menu, Esc to quit)
Okay, then.
You see here an arrow.
The orc warrior hits you with an orcish dire flail!
You die...

............o.#
.......p.......##
.................
####################).######
#.....................#
#..#...#...#(..#...#..#
#_..........(...(....[#
#..#...#...#o..#.(.#..#
#..........s(...(.)...#
######################.#
#...........# #.# #.#########.#
#(# #. #.# #.# e.
#.##########(###### ...
#..................
...(#########.#####.#########.#
.e.......<.....# #.#


You could see an orc warrior.

Vanquished Creatures
  A centaur (D:5)
  A phantom (D:5)
  2 orc priests (D:4)
  3 adders
  A giant mite (D:2)
  4 giant geckos
  An ooze (D:2)
  17 orcs
  5 goblins
  9 hobgoblins
  4 jackals
  7 kobolds
  3 quokkas (D:2)
  A ball python (D:5)
  4 bats
  4 giant cockroaches
  A giant newt (D:2)
  3 rats
71 creatures vanquished.

Vanquished Creatures (others)
  A human (D:2)
  2 butterflies (D:3)
3 creatures vanquished.

Grand Total: 74 creatures vanquished

Notes
Turn   | Place    | Note
--------------------------------------------------------------
     0 | D:1      | Mitsuki, the Merfolk Transmuter, began the quest for the Orb.
     0 | D:1      | Reached XP level 1. HP: 15/15 MP: 3/3
   358 | D:1      | Reached XP level 2. HP: 19/21 MP: 2/4
   557 | D:1      | Reached skill level 4 in Transmutations
   969 | D:2      | Found an ancient bone altar of Kikubaaqudgha.
   970 | D:2      | Noticed a human
   972 | D:2      | Killed a human
  1038 | D:2      | Reached XP level 3. HP: 17/26 MP: 6/6
  1044 | D:2      | Learned a level 3 spell: Spider Form
  1606 | D:2      | Found a shattered altar of Ashenzari.
  1623 | D:2      | Reached skill level 5 in Transmutations
  2131 | D:3      | Reached XP level 4. HP: 32/32 MP: 0/7
  2445 | D:3      | Reached skill level 1 in Poison Magic
  3054 | D:4      | Noticed an ice beast
  3193 | D:4      | Reached XP level 5. HP: 37/37 MP: 1/9
  3279 | D:4      | Reached skill level 6 in Transmutations
  3335 | D:4      | Noticed a phantom
  3525 | D:4      | Noticed mopl's ghost (average OgBe)
  3594 | D:5      | Entered Level 5 of the Dungeon
  3594 | D:5      | Noticed Dowan
  3615 | D:5      | Noticed Duvessa
  3645 | D:5      | Noticed a phantom
  3672 | D:5      | Killed a phantom
  3672 | D:5      | Reached XP level 6. HP: 24/43 MP: 5/10
  3677 | D:5      | Noticed a centaur
  3691 | D:5      | Killed a centaur
  3691 | D:5      | Reached skill level 5 in Unarmed Combat
  3691 | D:5      | Reached skill level 7 in Transmutations
  3745 | D:5      | Noticed an orc warrior
  3754 | D:5      | Found a white marble altar of Elyvilon.
  3802 | D:5      | Mangled by an orc warrior

Action                   |  1- 3 |  4- 6 || total
-------------------------+-------+-------++-------
Melee: Unarmed           |    80 |   116 ||   196
       Dagger            |    41 |    25 ||    66
 Cast: Beastly Appendage |    10 |       ||    10
       Spider Form       |     8 |    18 ||    26
Evoke: Wand              |     2 |       ||     2
  Use: Scroll            |    12 |       ||    12
       Potion            |     2 |     4 ||     6
 Stab: Sleeping          |     1 |       ||     1
